 Dungeon Crawl Stone Soup version 0.21-b1-23-g1fb0a74 (webtiles) character file.

7507 Haldmier the Magician (level 11, -5/84 HPs)
             Began as a Gnoll Skald on Jan 5, 2018.
             Was a Follower of Ashenzari.
             Slain by a sixfirhy (9 damage)
             ... summoned by an obsidian statue
             ... on level 9 of the Dungeon.
             The game lasted 00:50:09 (10565 turns).

Haldmier the Magician (Gnoll Skald)                Turns: 10565, Time: 00:50:10

Health: -5/84      AC: 12    Str: 21    XL:     11   Next: 16%
Magic:  22/22      EV: 14    Int: 16    God:    Ashenzari [*.....]
Gold:   492        SH:  5    Dex: 14    Spells: 14/25 levels left

rFire    . . .     SeeInvis .   p - +0 hunting sling "Lorem Ipsum" {speed, Str+4} (curse)
rCold    . . .     Gourm    .   L - +0 buckler
rNeg     + . .     Faith    .   o - +0 scale mail
rPois    .         Spirit   .   (no helmet)
rElec    .         Reflect  .   m - +0 cloak
rCorr    .         Harm     .   M - +0 pair of gloves (curse)
MR       .....                  u - +0 pair of boots
Stlth    ++........             (no amulet)
HPRegen  0.24/turn              k - ring of positive energy
MPRegen  0.18/turn              H - +1 ring of protection

@: no status effects
A: distributed training, fangs 1, strong nose
a: Curse Item, Scrying, Renounce Religion


You were on level 9 of the Dungeon.
You worshipped Ashenzari.
Ashenzari was aware of your devotion.
You were not hungry.

You visited 2 branches of the dungeon, and saw 11 of its levels.

You collected 492 gold pieces.

Inventory:

Hand Weapons
 a - a +1 mace
 j - a +4 quarterstaff of chaos
 p - the cursed +0 hunting sling "Lorem Ipsum" (weapon) {speed, Str+4}
   (You found it on level 6 of the Dungeon)

   Attacks with this weapon are significantly faster.
   It affects your strength (+4).
   It has a curse placed upon it.
 B - a +0 hunting sling
 D - a +4 dagger of venom
 E - a +3 long sword of slicing
Missiles
 g - 126 stones (quivered)
 s - 7 javelins
 A - 5 poisoned tomahawks
 J - 2 sling bullets
Armour
 b - a +0 leather armour
 h - a +0 chain mail
 m - a +0 cloak (worn)
 o - a +0 scale mail (worn)
 r - a +0 ring mail
 u - a +0 pair of boots (worn)
 G - a +0 plate armour
 L - a +0 buckler (worn)
 M - a cursed +0 pair of gloves (worn)
 N - a +1 shield of positive energy
Jewellery
 k - a ring of positive energy (left hand)
 n - an uncursed amulet of guardian spirit
 H - a +1 ring of protection (right hand)
 K - a +3 ring of intelligence
Wands
 e - a wand of flame (10)
 z - a wand of digging (22)
Scrolls
 t - 3 scrolls of teleportation
 v - 4 scrolls of fog
 y - 2 scrolls of identify
 F - a scroll of enchant weapon
Potions
 f - a potion of invisibility {unknown}
 i - a potion of curing
 l - 2 potions of cancellation {unknown}
 q - 2 potions of haste
 w - 2 potions of might
 x - a potion of flight {unknown}
 I - a potion of mutation {unknown}
Books
 c - a book of Battle

   Spells                             Type                      Level
   a - Infusion                       Charms                       1
   b - Shroud of Golubria             Charms/Translocation         2
   c - Song of Slaying                Charms                       2
   d - Spectral Weapon                Hexes/Charms                 3
   e - Regeneration                   Charms/Necromancy            3
Comestibles
 d - 18 rations


   Skills:
 + Level 7.5 Fighting
 + Level 5.9 Short Blades
 + Level 5.9 Long Blades
 + Level 5.9 Axes
 + Level 7.5 Maces & Flails
 + Level 5.9 Polearms
 + Level 5.9 Staves
 + Level 5.9 Slings
 + Level 5.9 Bows
 + Level 5.9 Crossbows
 + Level 5.9 Throwing
 + Level 6.5 Armour
 + Level 7.5 Dodging
 + Level 5.9 Stealth
 + Level 5.9 Shields
 + Level 5.9 Unarmed Combat
 + Level 7.8 Spellcasting
 + Level 4.9 Conjurations
 + Level 4.9 Hexes
 + Level 7.4 Charms
 + Level 4.9 Summonings
 + Level 4.9 Necromancy
 + Level 4.9 Translocations
 + Level 4.9 Transmutations
 + Level 4.9 Fire Magic
 + Level 4.9 Ice Magic
 + Level 4.9 Air Magic
 + Level 4.9 Earth Magic
 + Level 4.9 Poison Magic
 + Level 6.5 Invocations
 + Level 5.9 Evocations


You had 14 spell levels left.
You knew the following spells:

 Your Spells              Type           Power        Failure   Level  Hunger
a - Infusion              Chrm           ####         1%          1    None
b - Song of Slaying       Chrm           ####....     1%          2    None
c - Shroud of Golubria    Chrm/Tloc      ####......   3%          2    None
d - Regeneration          Chrm/Necr      ####......   6%          3    ##.....
e - Spectral Weapon       Hex/Chrm       ####....     6%          3    ##.....


Dungeon Overview and Level Annotations

Branches:
Dungeon (10/15)            Temple (1/1) D:7            Lair (0/6) D:9
    Orc: D:9-12

Altars:
Ashenzari
Cheibriados
Dithmenos
Elyvilon
Fedhas
Gozag
Hepliaklqana
Kikubaaqudgha
Makhleb
Nemelex Xobeh
Okawaru
Qazlal
Ru
Sif Muna
Trog
Uskayaw
Vehumet
Wu Jian
Xom
Yredelemnul
Zin

Annotations:
D:7 2 runed doors, homeworkjunkie's ghost, novice HOFi
D:9 exclusion: obsidian statue
D:10 Joseph


Innate Abilities, Weirdness & Mutations

Your experience applies equally to all skills.
You have very sharp teeth.
Your uncanny sense of smell can sniff out nearby items.


Message History

The obsidian statue's eyes glow briefly.
The sixfirhy hits you but does no damage.
The sixfirhy hits you but does no damage.
The sixfirhy hits you. The sixfirhy shocks you!
The sixfirhy hits you but does no damage.
The sixfirhy completely misses you. The sixfirhy misses you.
The sixfirhy hits you! The sixfirhy shocks you! The sixfirhy hits you.
The sixfirhy shocks you! The sixfirhy hits you! The sixfirhy shocks you!
* * * LOW HITPOINT WARNING * * *
The sixfirhy hits you but does no damage.
The sixfirhy hits you.
* * * LOW HITPOINT WARNING * * *
The sixfirhy shocks you!
* * * LOW HITPOINT WARNING * * *
The sixfirhy barely misses you. The sixfirhy closely misses you.
The sixfirhy barely misses you. The sixfirhy hits you.
* * * LOW HITPOINT WARNING * * *
The sixfirhy shocks you!
You die...

######### ######.......#
#......#####.########
#......#####.##.....#
#..###....##.....##.#
#..###.##.##...#..#.#
##..##...#.##.3.#3.#.#
#......_.....@..#..#.#
#)##.#...##.....#..#.##
####.##.##.###..#..#4.#..#
.....##....###..##.#..##.#
..########).....##.#..#..#
.....#####.)....####..#.##
..####...........##...#.#
(...#########.)..##...#.#
....## ##...###....#.#


You could see a sixfirhy.

Vanquished Creatures
  2 two-headed ogres (D:8)
  The ghost of Ymberto the Slasher, a novice HuFi (D:4)
  2 trolls (D:9)
  3 hornets
  Grinder (D:5)
  3 yaks
  Duvessa (D:6)
  A water moccasin (D:6)
  7 orc warriors
  A black bear (D:8)
  3 phantoms
  3 ogres
  5 centaurs
  3 big kobolds
  5 bullfrogs
  Dowan (D:6)
  3 scorpions
  6 killer bees
  2 electric eels (D:9)
  4 crimson imps
  A bullfrog zombie (D:6)
  Crazy Yiuf (D:2)
  3 orc priests
  10 hounds
  2 jellies
  10 orc wizards
  An iguana (D:8)
  5 worker ants
  A howler monkey zombie (D:9)
  7 gnolls
  6 adders
  A shadow imp (D:7)
  An adder skeleton (D:4)
  A worm (D:3)
  2 dart slugs
  6 leopard geckos
  29 orcs
  2 ball pythons
  8 bats
  6 giant cockroaches
  6 goblins
  6 hobgoblins
  13 jackals
  17 kobolds
  A quokka (D:9)
  A ball python zombie (D:6)
  6 frilled lizards
  10 rats
220 creatures vanquished.

Vanquished Creatures (others)
  A phantom (D:6)
1 creature vanquished.

Grand Total: 221 creatures vanquished

Notes
Turn   | Place    | Note
-------+----------+-------------------------------------------
     0 | D:1      | Haldmier the Gnoll Skald began the quest for the Orb.
     0 | D:1      | Reached XP level 1. HP: 20/20 MP: 6/6
    76 | D:2      | Reached XP level 2. HP: 19/26 MP: 3/7
   438 | D:2      | Reached XP level 3. HP: 31/31 MP: 9/9
   456 | D:2      | Learned a level 2 spell: Song of Slaying
   459 | D:2      | Learned a level 2 spell: Shroud of Golubria
   463 | D:2      | Learned a level 3 spell: Regeneration
   467 | D:2      | Learned a level 3 spell: Spectral Weapon
   510 | D:1      | Found an iron altar of Okawaru.
   515 | D:1      | Reached skill level 5 in Spellcasting
   670 | D:1      | Reached skill level 1 in Invocations
   912 | D:1      | Reached skill level 1 in Short Blades
   912 | D:1      | Reached skill level 1 in Long Blades
   912 | D:1      | Reached skill level 1 in Axes
   912 | D:1      | Reached skill level 1 in Polearms
   912 | D:1      | Reached skill level 1 in Staves
   912 | D:1      | Reached skill level 1 in Slings
   912 | D:1      | Reached skill level 1 in Bows
   912 | D:1      | Reached skill level 1 in Crossbows
   912 | D:1      | Reached skill level 1 in Throwing
   912 | D:1      | Reached skill level 1 in Stealth
   912 | D:1      | Reached skill level 1 in Shields
   912 | D:1      | Reached skill level 1 in Unarmed Combat
   912 | D:1      | Reached skill level 1 in Evocations
   942 | D:1      | Reached XP level 4. HP: 37/38 MP: 8/11
  1697 | D:2      | Found a runed door.
  1698 | D:2      | Noticed Crazy Yiuf
  1702 | D:2      | Killed Crazy Yiuf
  1702 | D:2      | Reached skill level 1 in Conjurations
  1702 | D:2      | Reached skill level 1 in Hexes
  1702 | D:2      | Reached skill level 1 in Summonings
  1702 | D:2      | Reached skill level 1 in Necromancy
  1702 | D:2      | Reached skill level 1 in Translocations
  1702 | D:2      | Reached skill level 1 in Transmutations
  1702 | D:2      | Reached skill level 1 in Fire Magic
  1702 | D:2      | Reached skill level 1 in Ice Magic
  1702 | D:2      | Reached skill level 1 in Air Magic
  1702 | D:2      | Reached skill level 1 in Earth Magic
  1702 | D:2      | Reached skill level 1 in Poison Magic
  1702 | D:2      | Reached XP level 5. HP: 27/43 MP: 8/12
  1939 | D:2      | Found a glowing silver altar of Zin.
  1939 | D:2      | Found an ancient bone altar of Kikubaaqudgha.
  1940 | D:2      | Found an iron altar of Okawaru.
  2332 | D:3      | Found an opulent altar of Gozag.
  2477 | D:3      | Found a blossoming altar of Fedhas.
  2807 | D:4      | Noticed an ogre
  2817 | D:4      | Killed an ogre
  2817 | D:4      | Reached XP level 6. HP: 40/50 MP: 10/14
  3035 | D:4      | Noticed Ymberto's ghost (novice HuFi)
  3048 | D:4      | Killed Ymberto's ghost
  3048 | D:4      | Reached skill level 5 in Fighting
  3048 | D:4      | Reached skill level 5 in Maces & Flails
  3048 | D:4      | Reached skill level 5 in Dodging
  3048 | D:4      | Reached XP level 7. HP: 36/56 MP: 7/15
  3587 | D:5      | Entered Level 5 of the Dungeon
  3918 | D:5      | Reached XP level 8. HP: 63/63 MP: 12/16
  4579 | D:6      | Noticed Grinder
  4579 | D:6      | Noticed Duvessa
  4579 | D:6      | Noticed Dowan
  4706 | D:6      | Found a shimmering altar of Xom.
  4854 | D:6      | Got a dazzling hunting sling
  4872 | D:6      | Killed Duvessa
  4877 | D:6      | Killed Dowan
  4888 | D:6      | Identified the cursed +0 hunting sling "Lorem Ipsum" {speed, Str+4} (You found it on level 6 of the Dungeon)
  5063 | D:6      | Paralysed by Grinder for 6 turns
  5091 | D:5      | Killed Grinder
  5546 | D:7      | Found a staircase to the Ecumenical Temple.
  5555 | D:7      | Noticed homeworkjunkie's ghost (novice HOFi)
  5563 | Temple   | Entered the Ecumenical Temple
  5598 | Temple   | Became a worshipper of Ashenzari the Shackled
  5895 | D:6      | Reached XP level 9. HP: 27/69 MP: 14/18
  6096 | D:7      | Found an ancient bone altar of Kikubaaqudgha.
  6289 | D:7      | Found a runed door.
  6297 | D:7      | Found a runed door.
  6795 | D:7      | Reached skill level 5 in Armour
  7149 | D:8      | Noticed a two-headed ogre
  7426 | D:8      | Reached skill level 5 in Invocations
  7566 | D:8      | Reached * piety under Ashenzari
  7865 | D:8      | Killed a two-headed ogre
  7865 | D:8      | Reached XP level 10. HP: 77/77 MP: 20/20
  7970 | D:8      | Noticed a two-headed ogre
  7985 | D:8      | Killed a two-headed ogre
  7985 | D:8      | Reached skill level 5 in Short Blades
  7985 | D:8      | Reached skill level 5 in Long Blades
  7985 | D:8      | Reached skill level 5 in Axes
  7985 | D:8      | Reached skill level 5 in Polearms
  7985 | D:8      | Reached skill level 5 in Staves
  7985 | D:8      | Reached skill level 5 in Slings
  7985 | D:8      | Reached skill level 5 in Bows
  7985 | D:8      | Reached skill level 5 in Crossbows
  7985 | D:8      | Reached skill level 5 in Throwing
  7985 | D:8      | Reached skill level 5 in Stealth
  7985 | D:8      | Reached skill level 5 in Shields
  7985 | D:8      | Reached skill level 5 in Unarmed Combat
  7985 | D:8      | Reached skill level 5 in Evocations
  8032 | D:8      | Noticed a two-headed ogre
  8556 | D:8      | Paralysed by a hornet for 1 turns
  9139 | D:9      | Found a staircase to the Lair.
  9216 | D:9      | Paralysed by a hornet for 2 turns
  9226 | D:9      | HP: 3/79 [hornet (9)]
  9417 | D:9      | Found a radiant altar of Vehumet.
  9652 | D:9      | Reached XP level 11. HP: 22/84 MP: 18/22
  9865 | D:10     | Entered Level 10 of the Dungeon
  9882 | D:10     | Noticed Joseph
 10405 | D:9      | Found a sparkling altar of Nemelex Xobeh.
 10551 | D:9      | Noticed an obsidian statue
 10552 | D:9      | Noticed a sixfirhy
 10565 | D:9      | HP: 4/84 [sixfirhy[an obsidian statue] (5)]
 10565 | D:9      | Slain by a sixfirhy

Skill      XL: |  1  2  3  4  5  6  7  8  9 10 |
---------------+-------------------------------+-----
Spellcasting   | 5 6 7 |  7.8
Invocations    | 1 2 3 4 5 6 |  6.5
Short Blades   | 1 2 3 4 5 |  5.9
Long Blades    | 1 2 3 4 5 |  5.9
Axes           | 1 2 3 4 5 |  5.9
Polearms       | 1 2 3 4 5 |  5.9
Staves         | 1 2 3 4 5 |  5.9
Slings         | 1 2 3 4 5 |  5.9
Bows           | 1 2 3 4 5 |  5.9
Crossbows      | 1 2 3 4 5 |  5.9
Throwing       | 1 2 3 4 5 |  5.9
Stealth        | 1 2 3 4 5 |  5.9
Shields        | 1 2 3 4 5 |  5.9
Unarmed Combat | 1 2 3 4 5 |  5.9
Evocations     | 1 2 3 4 5 |  5.9
Conjurations   | 1 2 3 4 |  4.9
Hexes          | 1 2 3 4 |  4.9
Summonings     | 1 2 3 4 |  4.9
Necromancy     | 1 2 3 4 |  4.9
Translocations | 1 2 3 4 |  4.9
Transmutations | 1 2 3 4 |  4.9
Fire Magic     | 1 2 3 4 |  4.9
Ice Magic      | 1 2 3 4 |  4.9
Air Magic      | 1 2 3 4 |  4.9
Earth Magic    | 1 2 3 4 |  4.9
Poison Magic   | 1 2 3 4 |  4.9
Armour         | 3 4 5 6 |  6.5
Fighting       | 5 6 7 |  7.5
Maces & Flails | 5 6 7 |  7.5
Dodging        | 5 6 7 |  7.5
Charms         | 6 7 |  7.4

Action                   |  1- 3 |  4- 6 |  7- 9 | 10-12 || total
-------------------------+-------+-------+-------+-------++-------
Melee: Mace              |    72 |    33 |       |       ||   105
       Bite              |     2 |    10 |    11 |       ||    23
       Quarterstaff      |       |    69 |    67 |       ||   136
 Fire: Hunting sling     |       |       |   488 |   675 ||  1163
 Cast: Infusion          |     5 |     1 |     1 |       ||     7
       Spectral Weapon   |     1 |     5 |     5 |       ||    11
       Shroud of Golubri |     1 |     3 |    11 |     6 ||    21
       Regeneration      |     1 |     2 |    20 |    27 ||    50
Evoke: Wand              |       |       |     5 |    18 ||    23
  Use: Scroll            |       |     8 |     5 |     1 ||    14
       Potion            |       |       |       |     1 ||     1
 Stab: Sleeping          |     1 |     2 |       |       ||     3
       Confused          |       |     1 |       |       ||     1
  Eat: Chunk             |       |     7 |    17 |     3 ||    27
       Ration            |       |       |       |     2 ||     2
Armor: Leather armour    |    17 |    26 |       |       ||    43
       Ring mail         |       |       |    25 |       ||    25
       Scale mail        |       |       |    44 |   130 ||   174
Dodge: Dodged            |    57 |    77 |   158 |   246 ||   538
Block: Buckler           |       |       |     3 |    92 ||    95
